 Dungeon Crawl Stone Soup version 0.29.1-15-g9cfb28693d (webtiles) character file.

Game seed: 4687817462439272393

90036 croobank the Grand Scion (level 15, -2/103 HPs)
             Began as a Demonspawn Fire Elementalist on Mar 21, 2023.
             Was a High Priest of Hepliaklqana.
             Slain by a two-headed ogre
             ... wielding a +0 giant club
              (3 damage)
             ... while paralysed by an ogre mage
             ... on level 13 of the Dungeon on Mar 22, 2023.
             The game lasted 02:31:32 (29959 turns).

croobank the Grand Scion (DsFE)                    Turns: 29959, Time: 02:31:33

Health: -2/103     AC: 13    Str:  9    XL:     15   Next: 51%
Magic:  0/29       EV:  2    Int: 22    God:    Hepliaklqana [*****.]
Gold:   107        SH:  0    Dex: 11    Spells: 15/34 levels left

rFire   + . .      SeeInvis +   g - +3 demon whip (venom)
rCold   . . .      Faith    .   (no shield)
rNeg    + + .      Spirit   +   (no body armour)
rPois   +          Reflect  +   W - +1 hat {Stlth+}
rElec   +          Harm     .   D - scarf {repulsion}
rCorr   .          Rampage  .   (gloves unavailable)
Will    +....                   (no boots)
Stlth   ++++......              F - amulet of reflection
HPRegen 0.27/turn               f - ring of see invisible
MPRegen 0.42/turn               A - ring "Loxkukli" {rElec rPois rF+ rN++ Dex-4}

@: paralysed, sanguine armoured, studying Ice Magic, repel missiles
A: reduced essence, claws 3, spiny 2, magic shield, magic regeneration, sanguine
armour 3
a: Renounce Religion, Recall Ancestor, Ancestor Identity, Transference, Idealise


You were on level 13 of the Dungeon.
You worshipped Hepliaklqana.
Hepliaklqana was extremely pleased with you.
You visited 5 branches of the dungeon, and saw 22 of its levels.
You also visited: Bailey and Ice Cave.

You collected 2804 gold pieces.
You spent 2697 gold pieces at shops.

Inventory:

Hand Weapons
 d - the +5 dagger of Flawed Execution {speed, rC+}
   (You took it off an orc warrior on level 9 of the Dungeon)

   Attacks with this weapon are significantly faster.
   rC:        It protects you from cold.
 g - a +3 demon whip of venom (weapon)
 t - a +4 scimitar of flaming
 Y - the +6 rapier "Tacha" {flame, rElec Int+3}
   (You found it on level 1 of the Lair of Beasts)

   It burns those it strikes, dealing additional fire damage.
   Int:       It affects your intelligence (+3).
   rElec:     It insulates you from electricity.
Missiles
 C - 7 boomerangs of dispersal
 I - 6 throwing nets
 K - 14 curare-tipped darts
Armour
 w - a +2 robe of resistance
 y - a +0 troll leather armour
 z - the +1 leather armour of the Spider Nest {rF+ Will+ Stlth-}
   (You found it on level 13 of the Dungeon)

   rF:        It protects you from fire.
   Will:      It increases your willpower.
   Stlth:     It makes you less stealthy.
 D - a scarf of repulsion (worn)
 R - a +0 kite shield
 W - a +1 hat of stealth (worn)
Magical Staves
 o - a staff of fire
 S - a staff of conjuration
Jewellery
 b - a ring of protection from fire
 f - a ring of see invisible (left claw)
 i - a +6 ring of strength
 j - a ring of ice
 n - a +4 ring of protection
 r - a +6 ring of dexterity
 x - a ring of protection from cold
 A - the ring "Loxkukli" (right claw) {rElec rPois rF+ rN++ Dex-4}
   (You took it off a white draconian in an ice cave)

   [ring of protection from fire]

   Dex:       It affects your dexterity (-4).
   rF:        It protects you from fire.
   rElec:     It insulates you from electricity.
   rPois:     It protects you from poison.
   rN:        It greatly protects you from negative energy.
 F - an amulet of reflection (around neck)
 J - a +4 ring of protection
 O - a +4 ring of evasion
 X - a ring of positive energy
Wands
 l - a wand of iceblast (17)
 p - a wand of flame (56)
 s - a wand of mindburst (12)
 B - a wand of paralysis (21)
 E - a wand of polymorph (2)
 N - a wand of digging (2)
Scrolls
 a - 7 scrolls of identify
 h - a scroll of blinking
 k - a scroll of summoning
 m - 3 scrolls of amnesia
 H - 8 scrolls of teleportation
 M - 2 scrolls of vulnerability
 U - 2 scrolls of brand weapon
Potions
 c - 2 potions of might
 e - 3 potions of invisibility
 q - 4 potions of lignification
 u - 4 potions of attraction
 v - a potion of flight
 G - a potion of cancellation
 L - 3 potions of brilliance
 Q - 11 potions of curing
 V - 7 potions of mutation


   Skills:
 + Level 10.0 Fighting
 - Level 0.8(5.0) Maces & Flails
 + Level 8.0 Staves
 + Level 9.4 Dodging
 - Level 5.2 Stealth
 - Level 10.0 Spellcasting
 - Level 4.9 Conjurations
 - Level 10.0 Fire Magic
 + Level 10.5 Ice Magic
 - Level 5.8 Poison Magic
 + Level 13.3 Invocations
 + Level 8.6 Evocations


You had 15 spell levels left.
You knew the following spells:

 Your Spells              Type           Power      Damage    Failure   Level
a - Foxfire               Conj/Fire      100%       2x1d9     1%          1
b - Scorch                Fire           100%       2d10      1%          2
c - Poisonous Vapours     Pois/Air       46%        N/A       2%          2
d - Flame Wave            Conj/Fire      43%        2d11      2%          4
e - Olgreb's Toxic Radia  Pois           36%        N/A       5%          4
f - Frozen Ramparts       Ice            100%       1d16      1%          3
g - Dazzling Flash        Conj/Hex       42%        N/A       7%          3

Your spell library contained the following spells:

 Spells                   Type           Power      Damage    Failure   Level
 Sting                    Tmut/Pois      92%        1d7       1%          1
 Conjure Flame            Conj/Fire      43%        6-21      1%          3
 Shock                    Conj/Air       84%        1d8       2%          1
 Inner Flame              Hex/Fire       33%        N/A       2%          3
 Ice Form                 Ice/Tmut       34%        N/A       7%          4
 Summon Ice Beast         Ice/Summ       34%        N/A       7%          4
 Fireball                 Conj/Fire      21%        3d10      8%          5
 Gell's Gravitas          Tloc           11%        N/A       19%         3
 Swiftness                Air            11%        N/A       19%         3
 Teleport Other           Tloc           11%        N/A       19%         3
 Freezing Cloud           Conj/Ice/Air   16%        6-21      21%         5
 Iskenderun's Mystic Bla  Conj/Tloc      21%        2d6       22%         4
 Starburst                Conj/Fire      21%        6d7       41%         6
 Airstrike                Air            5%         2d(1-17)  52%         4
 Simulacrum               Ice/Necr       17%        N/A       71%         6
 Dispersal                Tloc           5%         N/A       100%        6
 Summon Cactus Giant      Summ           5%         N/A       100%        6
 Ignition                 Fire           26%        3d9       100%        8
 Polar Vortex             Ice            27%        N/A       100%        9


Dungeon Overview and Level Annotations

Branches:
Dungeon (13/15)            Temple (1/1) D:4            Lair (5/5) D:9
 Shoals (0/4) Lair:3       Spider (0/4) Lair:2        Slime (0/5) Lair:5
    Orc (2/2) D:11            Elf (1/3) Orc:2        Vaults (0/5) D:13
 Bailey (visited)           IceCv (visited)

Altars:
Ashenzari
Cheibriados
Dithmenos
Fedhas
Gozag
Hepliaklqana
Kikubaaqudgha
Makhleb
Nemelex Xobeh
Okawaru
Qazlal
Ru
Sif Muna
Trog
Uskayaw
Vehumet
Wu Jian
Xom
Yredelemnul

Shops:
D:2 ?   D:4 !   Orc:2 *?::(*(

Portals:
Hell: Lair:5
Abyss: D:7
Trove: D:10 (give 5 scrolls of butterflies)

Annotations:
D:7 2 transporters, TittyCrusher's ghost, novice MeFi


Innate Abilities, Weirdness & Mutations

Your life essence is reduced to manifest your ancestor. (-10% HP)
You have claws for hands.
You are mostly covered in sharp spines.
When hurt, damage is shared between your health and your magic reserves.
You regenerate magic rapidly.
When seriously injured, your blood forms very thick armour. (AC +12)


Message History

Casting: Flame Wave (mildly dangerous; 2% risk of failure)
Confirm with . or Enter, or press ? or * to list all spells.
Casting: Dazzling Flash (mildly dangerous; 7% risk of failure)
Press: ? - help, Dir - look around, f - activate The ogre mage is dazzled.
The two-headed ogre barely misses you.
The two-headed ogre hits you with a +0 giant club!!
The two-headed ogre misses you.
The two-headed ogre hits you with a +0 giant club!!
Your blood congeals into armour.
Shedsu-nefertum closely misses the centaur warrior.
Casting: Dazzling Flash (mildly dangerous; 7% risk of failure)
Confirm with . or Enter, or press ? or * to list all spells.
Casting: Dazzling Flash (mildly dangerous; 7% risk of failure)
Press: ? - help, Dir - look around, f - activate The two-headed ogre is dazzled.
The ogre mage is dazzled.
You block the ogre mage's attack.
Shedsu-nefertum closely misses the centaur warrior.
The two-headed ogre barely misses you.
The two-headed ogre hits you with a +0 giant club!!
The two-headed ogre hits you but does no damage.
The two-headed ogre closely misses you.
You feel much better.
The basilisk bites Shedsu-nefertum but does no damage.
The ogre mage casts a spell at you.
You suddenly lose the ability to move!
The two-headed ogre hits you with a +0 giant club!
The two-headed ogre completely misses you.
The two-headed ogre hits you with a +0 giant club!!
* * * LOW HITPOINT WARNING * * *
The two-headed ogre hits you with a +0 giant club!
* * * LOW HITPOINT WARNING * * *
Shedsu-nefertum points at the centaur warrior and mumbles some strange words.
The bolt of magma hits the centaur warrior.
The bolt of magma hits the two-headed ogre!!
The ogre mage hits you but does no damage.
The two-headed ogre is no longer blind.
The basilisk bites Shedsu-nefertum.
The two-headed ogre hits you with a +0 giant club!!
* * * LOW HITPOINT WARNING * * *
The two-headed ogre hits you with a +0 giant club.
You die...

..................###.##..#
......##.##.........####
(..# #...##.....l.....#
...## ##.##...........###
....# #).#....R.........#
....####..##.............#
..........[....O.........#
...............c.O.......#
................@O#.#......
....................#∩.....
..................#.###...
...................... ..
..................#.#.#
.............###........
.............# #... ....
.... ... #....... ...


You could see the friendly Shedsu-nefertum the battlemage, a centaur warrior
(ally target), 2 two-headed ogres, an ogre mage (blind) and a basilisk.

Vanquished Creatures
  A dire elephant (Lair:4)
  A white draconian (IceCv)
  Azrael (Orc:2)
  Nessos (Orc:2)
  A hell beast (Lair:5)
  Harold (Orc:1)
  7 hydras
  4 ogre magi (Orc:2)
  Fannar (Lair:2)
  A centaur warrior (D:9)
  A boulder beetle (D:13)
  9 two-headed ogres
  A tengu warrior (D:13)
  Sonja (Lair:5)
  Amaemon (D:8)
  A deep elf archer (Elf:1)
  A deep elf pyromancer (Orc:2)
  A lindwurm (Lair:1)
  A wolf spider (Lair:1)
  An orc knight (Orc:1)
  An ugly thing (D:11)
  A deep elf zephyrmancer (Elf:1)
  3 orc sorcerers
  A manticore (D:12)
  3 cyclopes
  The ghost of n0ni the Ruffian, a novice TrFi of Gozag (D:6)
  7 elephants
  An ice statue (IceCv)
  14 cane toads
  2 gargoyles
  4 orange demons
  3 komodo dragons
  5 rime drakes
  A red devil (Lair:5)
  A meliai (D:9)
  A hornet (D:9)
  Grinder (D:6)
  A polar bear (Lair:1)
  6 dream sheep (Lair:3)
  7 blink frogs
  An air elemental (Elf:1)
  A water elemental (Elf:1)
  8 wyverns (Lair:4)
  A fire elemental (Orc:2)
  31 yaks
  A steam dragon (Lair:1)
  A death yak simulacrum (Lair:2)
  5 basilisks (Lair:4)
  6 vampire mosquitoes
  3 wargs (Orc:2)
  An acid dragon (D:9)
  13 water moccasins
  5 hell hounds
  An ice beast (D:7)
  2 black bears (D:4)
  13 orc warriors
  2 wolves (Lair:1)
  5 centaurs
  19 ogres
  11 kobold brigands
  2 necrophages
  9 bullfrogs
  2 gnoll sergeants
  12 wights
  3 killer bees
  2 lindwurm simulacra (IceCv)
  2 howler monkeys
  A lava snake (Lair:1)
  3 hounds
  3 komodo dragon simulacra (IceCv)
  15 orc priests
  A jelly (D:8)
  Natasha (thrice) (D:2)
  2 iguanas
  15 orc wizards
  4 hell rats (Lair:4)
  A polar bear simulacrum (Lair:2)
  Robin (D:2)
  6 acid dragon simulacra (IceCv)
  12 gnolls
  6 adders
  2 shadow imps (D:6)
  3 white imps
  5 steam dragon simulacra (IceCv)
  2 worms
  3 dart slugs
  60 orcs
  6 ball pythons
  3 bats
  4 endoplasms
  5 giant cockroaches
  13 goblins
  8 hobgoblins
  5 jackals
  6 quokkas
  2 frilled lizards (D:1)
  19 kobolds
  5 rats
  A fungus (Lair:2)
488 creatures vanquished.

Vanquished Creatures (collateral kills)
  Saint Roka (Orc:2)
  Snorg (D:11)
  A fire dragon (D:12)
  An ice dragon (Lair:5)
  A boulder beetle (Lair:1)
  2 hydras
  5 two-headed ogres
  2 deep elf knights (Elf:1)
  A wizard (Lair:5)
  2 deep elf archers (Elf:1)
  An orc knight (Orc:2)
  4 deep elf pyromancers
  3 manticores
  A cyclops (D:9)
  An ice statue (IceCv)
  3 black mambas
  5 elephants
  2 komodo dragons
  4 cane toads
  A gargoyle (D:11)
  5 rime drakes
  A hellwing (Lair:5)
  A tengu conjurer (D:13)
  An ice devil (Lair:5)
  3 polar bears
  5 trolls
  6 dream sheep
  3 blink frogs
  A shadow (D:11)
  A jumping spider (Lair:1)
  A vampire (D:9)
  4 wyverns
  15 yaks
  A wraith (D:11)
  A basilisk (Lair:1)
  A fire elemental (Orc:2)
  A redback (Lair:1)
  5 wargs
  4 vampire mosquitoes (D:11)
  3 hell hounds
  3 water moccasins
  9 orc warriors
  A wolf (Lair:1)
  9 ogres
  A phantom (D:6)
  2 kobold brigands
  A scorpion (D:6)
  A gnoll sergeant (D:11)
  3 wights
  3 killer bees (D:11)
  A lindwurm simulacrum (IceCv)
  2 lava snakes (Lair:1)
  A jelly (D:8)
  7 orc priests
  A gnoll bouda (D:5)
  An iguana (D:6)
  9 orc wizards
  4 hell rats
  3 acid dragon simulacra (IceCv)
  4 gnolls
  A steam dragon simulacrum (IceCv)
  11 orcs
  3 kobolds
  20 foxfires
206 creatures vanquished.

Vanquished Creatures (others)
  A jelly (D:5)
  33 battlemagi
  2 ancestors
  1489 foxfires
  32 fungi
  24 plants
  4 withered plants (D:7)
1585 creatures vanquished.

Grand Total: 2279 creatures vanquished

Notes
Turn   | Place    | Note
-------+----------+-------------------------------------------
     0 | D:1      | croobank the Demonspawn Fire Elementalist began the quest
                  | for the Orb.
     0 | D:1      | Reached XP level 1. HP: 13/13 MP: 3/3
   337 | D:1      | Gained mutation: You are partially covered in sharp spines.
                  | [demonic ancestry]
   337 | D:1      | Reached XP level 2. HP: 19/19 MP: 1/5
   340 | D:1      | Learned a level 2 spell: Scorch
   787 | D:1      | Found a faded altar of an unknown god.
  1205 | D:2      | Found Iludghiot's Magic Scroll Boutique.
  1210 | D:2      | Bought a scroll of identify for 22 gold pieces
  1212 | D:2      | Bought a scroll of noise for 11 gold pieces
  1353 | D:2      | Gained mutation: When seriously injured, your blood forms
                  | armour. (AC +12) [demonic ancestry]
  1353 | D:2      | Reached XP level 3. HP: 20/24 MP: 2/6
  1725 | D:2      | Noticed Robin
  1728 | D:2      | Reached XP level 4. HP: 28/31 MP: 0/7
  1738 | D:2      | Learned a level 2 spell: Poisonous Vapours
  1744 | D:2      | Killed Robin
  2199 | D:2      | Noticed Natasha
  2205 | D:2      | Killed Natasha
  2206 | D:2      | Reached skill level 1 in Fighting
  2429 | D:2      | Noticed Natasha
  2434 | D:2      | Killed Natasha
  2435 | D:2      | Reached XP level 5. HP: 31/37 MP: 3/9
  2507 | D:2      | Noticed Natasha
  2512 | D:2      | Killed Natasha
  3583 | D:4      | Found Nafrikon's Distillery.
  3888 | D:4      | Found a bloodstained altar of Trog.
  3937 | D:4      | Noticed a black bear
  3940 | D:4      | Killed a black bear
  3941 | D:4      | Gained mutation: You have sharp fingernails. [demonic
                  | ancestry]
  3941 | D:4      | Reached XP level 6. HP: 44/44 MP: 4/10
  4000 | D:4      | Reached skill level 1 in Poison Magic
  4212 | D:4      | Found a staircase to the Ecumenical Temple.
  4221 | Temple   | Entered the Ecumenical Temple
  4319 | Temple   | Became a worshipper of Hepliaklqana the Forgotten
  4722 | D:5      | Entered Level 5 of the Dungeon
  5568 | D:5      | Reached XP level 7. HP: 50/50 MP: 5/11
  5818 | D:5      | Reached skill level 1 in Invocations
  5913 | D:5      | Identified the +0 ring mail "Wuneap" {rPois rN+ Int-3}
  6069 | D:5      | Reached * piety under Hepliaklqana
  6271 | D:5      | Reached skill level 2 in Invocations
  7357 | D:6      | Reached skill level 3 in Invocations
  7450 | D:6      | Reached XP level 8. HP: 51/51 MP: 7/13
  7699 | D:6      | Noticed Grinder
  7703 | D:6      | Killed Grinder
  7976 | D:6      | Found a runed translucent gate.
  7977 | D:6      | Found a runed translucent gate.
  7978 | D:6      | Found a runed translucent gate.
  7979 | D:6      | Noticed n0ni's ghost (novice TrFi)
  8013 | D:6      | Reached skill level 4 in Invocations
  8268 | D:7      | Reached skill level 5 in Invocations
  8322 | D:7      | Gained mutation: You have very sharp fingernails. [demonic
                  | ancestry]
  8322 | D:7      | Reached XP level 9. HP: 36/57 MP: 1/15
  8478 | D:7      | Noticed an ancient zyme
  8524 | D:7      | Found a transporter.
  8529 | D:7      | Found a transporter.
  8697 | D:7      | Found an ancient bone altar of Kikubaaqudgha.
  8938 | D:7      | Reached skill level 6 in Invocations
  8943 | D:7      | Reached skill level 5 in Poison Magic
  9060 | D:7      | Found a one-way gate to the infinite horrors of the Abyss.
  9060 | D:7      | Noticed TittyCrusher's ghost (novice MeFi)
  9072 | D:7      | Noticed a toenail golem
  9097 | D:7      | Reached ** piety under Hepliaklqana
  9098 | D:7      | Remembered your ancestor Shedsu-nefertum as a battlemage
 10105 | D:8      | Found a snail-covered altar of Cheibriados.
 10105 | D:8      | Found a basalt altar of Yredelemnul.
 10272 | D:8      | Noticed Amaemon
 10273 | D:8      | Noticed an orange demon
 10478 | D:8      | Killed Amaemon
 10479 | D:8      | Reached skill level 5 in Stealth
 10479 | D:8      | Reached skill level 5 in Fire Magic
 10479 | D:8      | Reached skill level 7 in Invocations
 10486 | D:8      | Killed an orange demon
 10487 | D:8      | Gained mutation: You are mostly covered in sharp spines.
                  | [demonic ancestry]
 10487 | D:8      | Reached XP level 10. HP: 58/65 MP: 1/17
 10961 | D:6      | Killed n0ni's ghost
 11284 | D:6      | Identified a scroll of acquirement
 11286 | D:6      | Acquired a staff of fire
 11512 | D:9      | Reached skill level 5 in Spellcasting
 11647 | D:9      | Reached skill level 5 in Dodging
 11876 | D:9      | Identified the +5 dagger of Flawed Execution {speed, rC+}
 11880 | D:9      | Reached skill level 1 in Evocations
 11906 | D:9      | Reached skill level 1 in Staves
 12235 | D:9      | Noticed a cyclops
 12235 | D:9      | Noticed a gargoyle
 12256 | D:9      | Noticed an eight-headed hydra
 12256 | D:9      | Reached *** piety under Hepliaklqana
 12263 | D:9      | Noticed a deep elf pyromancer
 12606 | D:9      | Noticed a cyclops
 12610 | D:9      | Killed a cyclops
 12611 | D:9      | Reached skill level 5 in Fighting
 12611 | D:9      | Reached skill level 8 in Invocations
 12615 | D:9      | Killed a deep elf pyromancer
 12630 | D:9      | Killed a gargoyle
 13001 | D:2      | Bought a scroll of teleportation for 33 gold pieces
 13001 | D:2      | Bought a scroll of fear for 44 gold pieces
 13088 | D:4      | Bought a potion of haste for 140 gold pieces
 13088 | D:4      | Bought a potion of might for 56 gold pieces
 13088 | D:4      | Bought 2 potions of heal wounds for 140 gold pieces
 13088 | D:4      | Bought a potion of curing for 42 gold pieces
 13088 | D:4      | Bought a potion of curing for 42 gold pieces
 13331 | D:9      | Learned a level 4 spell: Flame Wave
 13386 | D:9      | Killed an eight-headed hydra
 13442 | D:9      | Found a staircase to the Lair.
 13465 | D:9      | Noticed an eight-headed hydra
 13470 | D:9      | Killed an eight-headed hydra
 13471 | D:9      | Reached skill level 1 in Ice Magic
 13471 | D:9      | Gained mutation: You have claws for hands. [demonic
                  | ancestry]
 13471 | D:9      | Reached XP level 11. HP: 72/72 MP: 12/19
 14148 | D:9      | Noticed a centaur warrior
 14157 | D:9      | Killed a centaur warrior
 14440 | Lair:1   | Entered Level 1 of the Lair of Beasts
 14754 | Lair:1   | Reached skill level 9 in Invocations
 15197 | Lair:1   | Reached **** piety under Hepliaklqana
 15635 | Lair:1   | Identified the +6 rapier "Tacha" {flame, rElec Int+3}
 15763 | Lair:1   | Found a runed translucent door.
 15777 | Lair:1   | Gained mutation: You regenerate magic rapidly. [demonic
                  | ancestry]
 15777 | Lair:1   | Reached XP level 12. HP: 79/79 MP: 17/22
 15821 | Lair:1   | Found a runed translucent gate.
 15821 | Lair:1   | Found a runed translucent gate.
 15821 | Lair:1   | Found a runed translucent gate.
 15821 | Lair:1   | Found a runed translucent gate.
 15821 | Lair:1   | Found a runed translucent gate.
 15821 | Lair:1   | Found a runed translucent gate.
 15822 | Lair:1   | Noticed a boulder beetle
 15850 | Lair:1   | Killed a boulder beetle
 16542 | Lair:2   | Found a hole to the Spider Nest.
 16576 | Lair:2   | Found a frozen archway.
 16589 | IceCv    | Entered an ice cave
 16778 | IceCv    | Reached skill level 5 in Ice Magic
 17119 | IceCv    | Noticed a white draconian
 17466 | IceCv    | Identified the ring "Loxkukli" {rElec rPois rF+ rN++ Dex-4}
 17768 | IceCv    | Killed a white draconian
 17993 | Lair:2   | Noticed Fannar
 18003 | Lair:2   | Killed Fannar
 18004 | Lair:2   | Reached skill level 10 in Invocations
 18174 | Lair:2   | Reached skill level 5 in Evocations
 18929 | Lair:3   | Gained mutation: When hurt, damage is shared between your
                  | health and your magic reserves. [demonic ancestry]
 18929 | Lair:3   | Reached XP level 13. HP: 86/86 MP: 19/25
 18992 | Lair:3   | Reached skill level 5 in Staves
 19382 | Lair:3   | Found a staircase to the Shoals.
 19395 | Lair:3   | Reached ***** piety under Hepliaklqana
 19876 | Lair:4   | Learned a level 4 spell: Olgreb's Toxic Radiance
 20982 | Lair:5   | Entered Level 5 of the Lair of Beasts
 21737 | Lair:5   | Reached skill level 11 in Invocations
 21968 | Lair:5   | Reached skill level 10 in Fire Magic
 22075 | Lair:5   | Found a burning altar of Makhleb.
 22082 | Lair:5   | Learned a level 3 spell: Frozen Ramparts
 22337 | Lair:4   | Gained mutation: When seriously injured, your blood forms
                  | thick armour. (AC +12) [demonic ancestry]
 22337 | Lair:4   | Reached XP level 14. HP: 90/94 MP: 19/27
 22698 | Lair:5   | Noticed Sonja
 22707 | Lair:5   | Killed Sonja
 22861 | Lair:5   | Found a staircase to the Slime Pits.
 23490 | Lair:5   | Reached skill level 10 in Spellcasting
 23689 | Lair:5   | Found a gateway to Hell.
 23900 | D:10     | Entered Level 10 of the Dungeon
 23939 | D:10     | Found a portal to a secret trove of treasure.
 23966 | D:10     | Found a sacrificial altar of Ru.
 23985 | D:10     | You fall into a shaft and drop 2 floors!
 24319 | D:10     | Found a flagged portal.
 24346 | Bailey   | Entered a bailey
 25666 | D:11     | Found a staircase to the Orcish Mines.
 25772 | Orc:1    | Entered Level 1 of the Orcish Mines
 25777 | Orc:1    | Noticed Snorg
 25919 | D:11     | Killed Snorg
 26281 | Orc:1    | Reached skill level 12 in Invocations
 26701 | Orc:2    | Entered Level 2 of the Orcish Mines
 26701 | Orc:2    | Found Giojog's Antique Weapon Shoppe.
 27064 | Orc:2    | Found Xudeublo's Armour Boutique.
 27146 | Orc:2    | Found Wydiarph's Antique Weapon Boutique.
 27162 | Orc:1    | Noticed Harold
 27171 | Orc:1    | Killed Harold
 27277 | Orc:2    | Found Hepal's Assorted Antiques.
 27290 | Orc:2    | Bought a wand of iceblast (5) for 348 gold pieces
 27290 | Orc:2    | Bought a glass wand for 116 gold pieces
 27290 | Orc:2    | Bought a scroll of enchant weapon for 217 gold pieces
 27418 | Orc:2    | Paralysed by something for 3 turns
 27427 | Orc:2    | Noticed Azrael
 27457 | Orc:2    | Killed Azrael
 27461 | Orc:2    | Gained mutation: When seriously injured, your blood forms
                  | very thick armour. (AC +12) [demonic ancestry]
 27461 | Orc:2    | Reached XP level 15. HP: 67/101 MP: 16/29
 27461 | Orc:2    | Found a staircase to the Elven Halls.
 27464 | Orc:2    | Noticed Nessos
 27476 | Orc:2    | Killed Nessos
 27671 | Orc:2    | Noticed Saint Roka
 27685 | Orc:2    | Killed Saint Roka
 27686 | Orc:2    | Reached skill level 10 in Ice Magic
 28153 | Orc:2    | Found Budoull's Book Shop.
 28153 | Orc:2    | Found Geemor's General Store.
 28154 | Orc:2    | Found Xuj Xeup's Book Shoppe.
 28154 | Orc:2    | Found Weteg's Magic Scroll Shop.
 28162 | Orc:2    | Bought a book of Fire for 660 gold pieces
 28163 | Orc:2    | Bought a book of Ice for 736 gold pieces
 28165 | Orc:2    | Bought a scroll of blinking for 90 gold pieces
 28504 | Elf:1    | Entered Level 1 of the Elven Halls
 28507 | Elf:1    | Reached skill level 13 in Invocations
 28597 | Elf:1    | Paralysed by an air elemental for 1 turns
 29404 | D:12     | Learned a level 3 spell: Dazzling Flash
 29576 | D:13     | Reached skill level 10 in Fighting
 29935 | D:13     | Identified the +1 leather armour of the Spider Nest {rF+
                  | Will+ Stlth-}
 29947 | D:13     | Found a gate to the Vaults.
 29957 | D:13     | Paralysed by an ogre mage for 4 turns
 29959 | D:13     | HP: 1/103 [two-headed ogre/+0 giant club (19)]
 29959 | D:13     | Slain by a two-headed ogre

Illustrated notes

Levels and vault maps discovered:
D:1:      lemuel_arrival_lava_pool, layout_loops_ring,
          ebering_ecumenical_altar_hall
D:2:      layout_basic, serial_shops, shop, serial_park_tiny_1, st_stairs_6,
          kennysheep_generic_room_7, uniq_robin, uniq_natasha
D:3:      layout_rooms
D:4:      layout_rooms, trog_ov_bears_minmay, minmay_temple_entry_mist,
          nicolae_take_the_stairs
D:5:      layout_basic, lemuel_flamethrower_2
D:6:      layout_gridville, gammafunk_ghost_nasty_kobolds, uniq_grinder
D:7:      layout_basic, kiku_gazebo_garden_becter,
          gammafunk_ghost_abyssal_escape
D:8:      layout_loops_ring, minitemple, minmay_splitting_lines,
          nicolae_figureground_sparkle, uniq_amaemon
D:9:      minmay_the_grid_octo_triangle [minmay_the_grid_octo_focus,
          minmay_the_grid_octo_prize_star, minmay_the_grid_octo_checkerflower],
          layout_gridville, moated_statue, kennysheep_pointless_box
D:10:     layout_rooms, jmf_multi_god_temple, enter_bailey_6, enter_trove_2
D:11:     layout_roguey, minmay_orc_entry_guard_dogs, kennysheep_windowed_goal
D:12:     layout_irregular_city
D:13:     layout_cave_pools, david_vaults_2, uniq_frances
Temple:   minmay_temple_bridge_d
Lair:1:   gammafunk_indiana_jones, layout_long_grid, amcnicky_mini_pool_medium,
          lemuel_fruit_fields
Lair:2:   layout_misc_corridors, spider_nest_entry_web_field,
          portal_ice_cave_entry_ice_simulacra, minivault_11, grunt_megastairs_5,
          uniq_fannar
Lair:3:   layout_long_grid, elwin_shoals_entry_rocks, st_stairs_4
Lair:4:   layout_roguey [special_room_mythical_zoo], infiniplex_staircase_pool,
          grunt_megastairs_2
Lair:5:   evil_forest, layout_misc_corridors, dpeg_slime_entry_enclosed,
          bobbens_ice_dragon_lair, uniq_sonja
Orc:1:    layout_caves, uniq_harold, uniq_snorg
Orc:2:    st_orc_ogre_mass, layout_diamond_mine, serial_shops,
          nicolae_shop_temple_entry_statues_fountains, nicolae_diamond_shop,
          shop, shop, minmay_orc_temple_a, uniq_nessos, uniq_saint_roka,
          uniq_azrael
Elf:1:    minmay_elf_arrival_plus, layout_geoelf_diagonals, orc_legates,
          drop_trap

Skill      XL: |  1  2  3  4  5  6  7  8  9 10 11 12 13 14 15 |
---------------+----------------------------------------------+-----
Stealth        | 2 3 4 5 |  5.2
Dodging        | 2 3 4 5 6 7 8 9 |  9.4
Fire Magic     | 3 4 5 6 7 9 10 | 10.0
Conjurations   | 2 3 4 |  4.9
Fighting       | 1 2 3 4 5 6 7 8 9 10 | 10.0
Spellcasting   | 3 4 5 7 8 9 10 | 10.0
Poison Magic   | 1 3 4 5 |  5.8
Invocations    | 3 5 7 8 9 10 11 12 13 | 13.3
Evocations     | 2 4 5 6 7 8 |  8.6
Staves         | 2 3 4 5 7 8 |  8.0
Ice Magic      | 1 4 6 7 9 10 | 10.5
Maces & Flails | |  0.8

Action                   |  1- 3 |  4- 6 |  7- 9 | 10-12 | 13-15 || total
-------------------------+-------+-------+-------+-------+-------++-------
Melee: Executioner's axe |     6 |       |       |       |       ||     6
       Whip              |     7 |    20 |    12 |       |       ||    39
       Unarmed           |     1 |       |       |       |       ||     1
       Punch             |       |     1 |       |       |     2 ||     3
       Demon whip        |       |       |       |    46 |    46 ||    92
       Staff             |       |       |       |    46 |    17 ||    63
       Dagger            |       |       |       |    11 |     5 ||    16
       Rapier            |       |       |       |       |     4 ||     4
 Cast: Foxfire           |    51 |    80 |    76 |   301 |   361 ||   869
       Scorch            |    11 |    39 |    95 |   192 |   378 ||   715
       Poisonous Vapours |       |       |     6 |     5 |     2 ||    13
       Flame Wave        |       |       |       |     2 |     9 ||    11
       Olgreb's Toxic Ra |       |       |       |       |    17 ||    17
       Frozen Ramparts   |       |       |       |       |     2 ||     2
       Dazzling Flash    |       |       |       |       |     2 ||     2
Invok: Ancestor Life: Ba |       |       |     1 |       |       ||     1
       Recall Ancestor   |       |       |       |     1 |     3 ||     4
       Ancestor Identity |       |       |       |     1 |       ||     1
       Idealise          |       |       |       |     1 |     1 ||     2
       Transference      |       |       |       |       |     1 ||     1
Evoke: Wand              |       |       |       |     1 |     6 ||     7
  Use: Scroll            |     4 |     8 |    11 |    12 |     9 ||    44
       Potion            |       |       |    14 |    11 |    13 ||    38
 Stab: Paralysed         |       |       |       |    10 |       ||    10
       Invisible         |       |       |       |       |     2 ||     2
       Distracted        |       |       |       |       |     1 ||     1
       Sleeping          |       |       |       |       |     1 ||     1
Armor: Robe              |     7 |     2 |    17 |    35 |    60 ||   121
       Leather armour    |       |       |       |     3 |       ||     3
       Ice dragon scales |       |       |       |     1 |       ||     1
       Skin              |       |       |       |       |     2 ||     2
Dodge: Dodged            |    11 |    18 |    40 |   111 |   215 ||   395
       Repelled          |       |       |       |       |     3 ||     3
Block: Other             |       |       |       |     8 |    74 ||    82
       Reflection        |       |       |       |     1 |     4 ||     5
